 Dungeon Crawl Stone Soup version 0.29.1-12-g30fa7ad0bf (webtiles) character file.

Game seed: 13028842720058215241

632 kingofthe the Magician (level 7, -13/36 HPs)
             Began as a Deep Elf Venom Mage on Jan 15, 2023.
             Was an Initiate of Sif Muna.
             Mangled by Menkaure (20 damage)
             ... on level 4 of the Dungeon.
             The game lasted 00:27:19 (5309 turns).

kingofthe the Magician (Deep Elf Venom Mage)        Turns: 5309, Time: 00:27:19

Health: -13/36     AC:  3    Str:  5    XL:     7   Next: 24%
Magic:  8/16       EV: 14    Int: 26    God:    Sif Muna [......]
Gold:   263        SH:  0    Dex: 17    Spells: 9/16 levels left

rFire   + . .      SeeInvis .   h - +2 dagger (protect)
rCold   + . .      Faith    .   (no shield)
rNeg    . . .      Spirit   .   z - +1 robe
rPois   +          Reflect  .   (no helmet)
rElec   +          Harm     .   (no cloak)
rCorr   +          Rampage  .   (no gloves)
Will    .....                   (no boots)
Stlth   +++.......              p - amulet of the acrobat
HPRegen 0.12/turn               m - ring of flight
MPRegen 0.15/turn               t - +6 ring of intelligence

@: about to teleport, resistant, attractive, flying, very slightly contaminated
A: no striking features
a: Renounce Religion


You were on level 4 of the Dungeon.
You worshipped Sif Muna.
Sif Muna was noncommittal.
You visited 1 branch of the dungeon, and saw 4 of its levels.

You collected 263 gold pieces.

Inventory:

Hand Weapons
 d - a +0 spear
 h - a +2 dagger of protection (weapon)
Armour
 a - a +0 robe
 z - a +1 robe (worn)
Jewellery
 f - an amulet of guardian spirit
 m - a ring of flight (left hand)
 p - an amulet of the acrobat (around neck)
 t - a +6 ring of intelligence (right hand)
 y - an amulet of regeneration
Scrolls
 e - a scroll of teleportation
 i - 2 scrolls of blinking {unknown}
 j - 2 scrolls of butterflies
 k - 2 scrolls of identify
 l - 2 scrolls of enchant armour {unknown}
 q - 4 scrolls of vulnerability
 r - a scroll of silence {unknown}
 u - 2 scrolls of poison {unknown}
Potions
 b - 2 potions of magic
 c - a potion of attraction
 g - a potion of curing
 n - a potion of berserk rage {unknown}
 o - a potion of resistance
 s - a potion of flight {unknown}
 v - a potion of invisibility {unknown}
 w - a potion of might {unknown}
 x - a potion of lignification {unknown}


   Skills:
 + Level 5.0 Dodging
 - Level 3.5 Stealth
 + Level 5.2 Spellcasting
 + Level 1.5 Conjurations
 - Level 4.5 Hexes
 - Level 1.1 Transmutations
 - Level 2.0 Air Magic
 + Level 4.8 Poison Magic


You had 9 spell levels left.
You knew the following spells:

 Your Spells              Type           Power      Damage    Failure   Level
a - Sting                 Tmut/Pois      88%        1d7       2%          1
b - Poisonous Vapours     Pois/Air       48%        N/A       2%          2
c - Slow                  Hex            100%       N/A       1%          1
d - Mephitic Cloud        Conj/Pois/Air  21%        N/A       7%          3

Your spell library contained the following spells:

 Spells                   Type           Power      Damage    Failure   Level
 Confusing Touch          Hex            30%        N/A       3%          3
 Olgreb's Toxic Radiance  Pois           32%        N/A       10%         4
 Scorch                   Fire           12%        2d6       12%         2
 Gell's Gravitas          Tloc           6%         N/A       22%         3
 Lesser Beckoning         Tloc           6%         N/A       22%         3
 Teleport Other           Tloc           6%         N/A       22%         3
 Vampiric Draining        Necr           6%         2d6       22%         3
 Flame Wave               Conj/Fire      10%        2d6       47%         4
 Summon Cactus Giant      Summ           3%         N/A       100%        6


Dungeon Overview and Level Annotations

Branches:
Dungeon (4/15)
 Temple: D:4-7

Altars:
Sif Muna
Trog

Annotations:
D:2 1 runed translucent door, exclusion: door, Crazy Yiuf
D:4 Menkaure


Message History

Press: ? - help, Shift-Dir - straight line, f/p - Menkaure
Aim: Menkaure (moderately damaged, slow, 89% to hit)
The sting hits Menkaure.
Menkaure partially resists.
Menkaure is moderately damaged.
Menkaure casts a spell at you. Pain shoots through your body!
It was a potion of attraction.
You feel attractive to monsters.
It was a potion of resistance.
You feel protected. Menkaure hits you but does no damage.
It was a potion of curing.
You feel better. Menkaure hits you!
* * * LOW HITPOINT WARNING * * *
Casting: Sting (safe; 2% risk of failure)
Confirm with . or Enter, or press ? or * to list all spells.
Aiming: Sting (safe; 2% risk of failure)
Press: ? - help, Shift-Dir - straight line, f/p - Menkaure
Aim: Menkaure (moderately damaged, slow, 89% to hit)
You miscast Sting.
You are very lightly contaminated with residual magic.
Nothing appears to happen.
You aren't carrying any items that you can evoke.
As you read the scroll labelled ZUOCHE ZIAM, it crumbles to dust.
It is a scroll of identify.
q - 4 scrolls of vulnerability Menkaure giggles, "These cerements are ticklish..."
Menkaure barely misses you.
As you read the scroll labelled LARUIRYDARCH, it crumbles to dust.
You hear the tinkle of a tiny bell.
It was a scroll of butterflies.
Unknown command.
Unknown command.
You swap places.
Menkaure hits your butterfly!
Your butterfly dies!
Your butterfly disappears in a burst of colours!
Menkaure is attracted toward you.
As you read the scroll labelled NOTE KITURR, it crumbles to dust.
You feel strangely unstable.
It was a scroll of teleportation.
Menkaure hits you!!
Ouch! That really hurt!
You die...

#...).###.#.# #)###.
#...........###.....
####(.###.####.#....
####### #.###.###)..
#.....# #....## ##..
#.._..# #####.###)..
#..b..# #.#)#..
#8#.#8# #.##..
###@####### #.##.#
#.bbM§....#####.##.#
#b.b.bb.........##.#
#.bbbbb...####......
####†b.##.....>.##.#
#...b.##.##.......#
#.#...##.##.#######
#.######.##.# #
#.##.#


You could see Menkaure (slow, ally target).

Vanquished Creatures
  Sigmund (D:3)
  2 ogres
  Blork the orc (D:4)
  An orc priest (D:3)
  A gnoll bouda (D:4)
  An orc wizard (D:3)
  4 gnolls (D:4)
  4 adders
  2 worms
  2 dart slugs
  3 orcs (D:3)
  2 endoplasms
  3 giant cockroaches
  11 goblins
  8 hobgoblins
  2 jackals (D:3)
  4 quokkas
  8 ball pythons
  5 bats
  A frilled lizard (D:1)
  4 kobolds
  8 rats
78 creatures vanquished.

Notes
Turn   | Place    | Note
-------+----------+-------------------------------------------
     0 | D:1      | kingofthe the Deep Elf Venom Mage began the quest for the
                  | Orb.
     0 | D:1      | Reached XP level 1. HP: 10/10 MP: 6/6
   435 | D:1      | Reached XP level 2. HP: 15/15 MP: 5/8
   438 | D:1      | Learned a level 2 spell: Poisonous Vapours
   989 | D:1      | Found a faded altar of an unknown god.
  1290 | D:2      | Reached XP level 3. HP: 19/19 MP: 2/9
  1815 | D:2      | Learned a level 1 spell: Slow
  1826 | D:2      | Found a runed translucent door.
  1827 | D:2      | Noticed Crazy Yiuf
  1958 | D:2      | Reached skill level 1 in Hexes
  2156 | D:3      | Reached XP level 4. HP: 24/24 MP: 1/11
  2247 | D:3      | Noticed an ogre
  2498 | D:2      | Killed an ogre
  2499 | D:2      | Reached XP level 5. HP: 6/28 MP: 5/12
  3077 | D:3      | Learned a level 3 spell: Mephitic Cloud
  3382 | D:3      | Noticed Sigmund
  3659 | D:3      | Reached skill level 1 in Air Magic
  3797 | D:3      | Killed Sigmund
  3798 | D:3      | Reached XP level 6. HP: 32/32 MP: 2/14
  4243 | D:4      | Found a shimmering blue altar of Sif Muna.
  4249 | D:4      | Became a worshipper of Sif Muna the Loreminder
  4731 | D:4      | Reached skill level 5 in Spellcasting
  4731 | D:4      | Reached skill level 1 in Conjurations
  4731 | D:4      | Reached XP level 7. HP: 36/36 MP: 6/16
  4797 | D:4      | Noticed Blork the orc
  4808 | D:4      | Killed Blork the orc
  4809 | D:4      | Reached skill level 5 in Dodging
  4879 | D:4      | Noticed Menkaure
  5282 | D:4      | Found a bloodstained altar of Trog.
  5309 | D:4      | Mangled by Menkaure

Illustrated notes

Levels and vault maps discovered:
D:1:      nzn_arrival_water_spiral, layout_basic,
          shapermc_ecumenical_altar_mp_vishouse
D:2:      layout_rooms, uniq_crazy_yiuf_cottage
D:3:      wander_river, layout_basic, minmay_ogre_servants, uniq_sigmund
D:4:      layout_loops_ring, mainiacjoe_overflow_alcove_1,
          mainiacjoe_overflow_alcove_2, uniq_blork_the_orc, uniq_menkaure

Skill      XL: |  1  2  3  4  5  6  7 |
---------------+----------------------+-----
Stealth        | 3 |  3.5
Dodging        | 3 4 5 |  5.0
Hexes          | 1 4 |  4.5
Air Magic      | 1 2 |  2.0
Spellcasting   | 4 5 |  5.2
Poison Magic   | 4 |  4.8
Conjurations   | 1 |  1.5
Transmutations | |  1.1

Action                   |  1- 3 |  4- 6 |  7- 9 || total
-------------------------+-------+-------+-------++-------
Melee: Dagger            |     9 |    41 |     2 ||    52
 Cast: Sting             |    53 |    56 |    17 ||   126
       Poisonous Vapours |    22 |    39 |     7 ||    68
       Slow              |       |    14 |     7 ||    21
  Use: Scroll            |       |       |     3 ||     3
       Potion            |       |       |     3 ||     3
Armor: Robe              |     5 |     8 |     2 ||    15
Dodge: Dodged            |    14 |    37 |     2 ||    53
